 Dungeon Crawl Stone Soup version 0.29.1-12-g30fa7ad0bf (webtiles) character file.

Game seed: 3964343008463984887

80 javelincjr the Chopper (level 4, -2/34 HPs)
             Began as a Demonspawn Gladiator on Jan 9, 2023.
             Slain by Grinder (6 damage)
             ... on level 3 of the Dungeon.
             The game lasted 00:05:27 (1721 turns).

javelincjr the Chopper (Demonspawn Gladiator)       Turns: 1721, Time: 00:05:27

Health: -2/34      AC:  9    Str: 15    XL:     4   Next: 18%
Magic:  4/4        EV: 13    Int:  9    God:
Gold:   132        SH:  0    Dex: 16    Spells: 3/3 levels left

rFire   . . .      SeeInvis .   a - +0 war axe
rCold   . . .      Faith    .   (no shield)
rNeg    . . .      Spirit   .   b - +0 leather armour
rPois   .          Reflect  .   c - +0 helmet
rElec   .          Harm     .   (no cloak)
rCorr   .          Rampage  .   p - +0 pair of gloves
Will    .....                   j - +0 pair of boots
Stlth   +.........              (no amulet)
HPRegen 0.11/turn               (no ring)
MPRegen 0.09/turn               (no ring)

@: no status effects
A: molten scales 2, demonic touch 1
a: no special abilities


You were on level 3 of the Dungeon.
You visited 1 branch of the dungeon, and saw 3 of its levels.

You collected 132 gold pieces.

Inventory:

Hand Weapons
 a - a +0 war axe (weapon)
Missiles
 h - 5 poisoned darts (quivered)
 i - 19 stones
Armour
 b - a +0 leather armour (worn)
 c - a +0 helmet (worn)
 j - a +0 pair of boots (worn)
 p - a +0 pair of gloves (worn)
Scrolls
 f - 3 scrolls of teleportation {unknown}
 g - a scroll of enchant armour {unknown}
 l - a scroll of fear {unknown}
 m - 3 scrolls of identify {unknown}
 q - a scroll of blinking {unknown}
 r - a scroll of immolation {unknown}
 s - a scroll of silence {unknown}
 t - a scroll of amnesia {unknown}
Potions
 k - a potion of invisibility {unknown}
 o - a potion of mutation {unknown}


   Skills:
 + Level 2.4 Fighting
 + Level 3.6 Axes
 + Level 1.9 Throwing
 + Level 0.7 Armour
 + Level 3.2 Dodging
 + Level 0.5 Stealth


You had 3 spell levels left.
You didn't know any spells.
Your spell library was empty.

Dungeon Overview and Level Annotations

Branches:
Dungeon (3/15)

Altars:

Annotations:
D:3 Grinder


Innate Abilities, Weirdness & Mutations

You are mostly covered in molten scales. (AC +3)
Your touch may inflict minor irresistible damage on your foes.


Message History

You writhe in agony.
* * * LOW HITPOINT WARNING * * *
Grinder blinks!
Things that are here:
a +0 flail; a +0 scale mail Grinder gestures at you.
You suddenly lose the ability to move!
Grinder gestures at you.
You barely resist.
You can move again.
You feel much better.
Throw: javelin
Press: ? - help, Q - select action, (/) - cycle Shift-Dir - straight line, f/p - Grinder
Aim: Grinder (57% to hit)
You throw a javelin. The javelin closely misses Grinder.
You barely miss Grinder. Grinder gestures at you.
You shrug off the repeated paralysis!
You hit Grinder but do no damage.
You touch Grinder!
Grinder is moderately wounded.
Grinder barely misses you. Grinder closely misses you.
You closely miss Grinder.
Grinder is moderately wounded.
Grinder closely misses you.
You slash Grinder!
Grinder is heavily wounded.
Grinder barely misses you.
You hit Grinder. Your touch misses Grinder.
Grinder is heavily wounded.
Grinder hits you.
You writhe in agony.
Grinder hits you but does no damage.
You closely miss Grinder.
Grinder is heavily wounded.
Grinder hits you!
* * * LOW HITPOINT WARNING * * *
You writhe in agony.
* * * LOW HITPOINT WARNING * * *
You hit Grinder but do no damage.
You touch Grinder!
Grinder is severely wounded.
Grinder hits you.
You die...

#.....!.# ###
##.......# #...
........#
....##.......# #.
#......5...# ...
#(.......#
#..#######...##########
.........##....)......#
.........##.####@.....#
.........#....(5.#....#
...........#.##### ####
.............#
.........#####
.........### ...
...........# ... .
..)...##....# ......
.........#####.. ..#


You could see Grinder.

Vanquished Creatures
  Terence (D:3)
  An adder (D:2)
  An orc (D:3)
  4 endoplasms
  A giant cockroach (D:2)
  5 goblins
  7 hobgoblins
  4 jackals (D:1)
  7 kobolds
  2 quokkas (D:1)
  A ball python (D:2)
  2 bats (D:1)
  3 frilled lizards
  4 rats
43 creatures vanquished.

Notes
Turn   | Place    | Note
-------+----------+-------------------------------------------
     0 | D:1      | javelincjr the Demonspawn Gladiator began the quest for the
                  | Orb.
     0 | D:1      | Reached XP level 1. HP: 16/16 MP: 1/1
   259 | D:1      | Gained mutation: You are partially covered in molten
                  | scales. (AC +2) [demonic ancestry]
   259 | D:1      | Reached XP level 2. HP: 15/22 MP: 2/2
   649 | D:2      | Gained mutation: Your touch may inflict minor irresistible
                  | damage on your foes. [demonic ancestry]
   649 | D:2      | Reached XP level 3. HP: 27/27 MP: 3/3
   922 | D:2      | Found a faded altar of an unknown god.
  1683 | D:3      | Noticed Terence
  1683 | D:3      | Noticed Grinder
  1696 | D:3      | Paralysed by Grinder for 5 turns
  1702 | D:3      | Killed Terence
  1703 | D:3      | Gained mutation: You are mostly covered in molten scales.
                  | (AC +3) [demonic ancestry]
  1703 | D:3      | Reached XP level 4. HP: 11/34 MP: 4/4
  1708 | D:3      | Paralysed by Grinder for 5 turns
  1721 | D:3      | Slain by Grinder

Illustrated notes

Levels and vault maps discovered:
D:1:      kennysheep_arrival_forest, layout_basic, dk_noncrumbling_4
D:2:      layout_basic, hellmonk_ecumenical_altar_slurped_away
D:3:      layout_rooms, serial_shops, shop, ebering_ghost_sewer_d, uniq_robin,
          uniq_terence, uniq_grinder

Skill      XL: |  1  2 |
---------------+-------+-----
Dodging        | 3 |  3.2
Axes           | 3 |  3.6
Fighting       | |  2.4
Throwing       | |  1.9
Armour         | |  0.7
Stealth        | |  0.5

Action                   |  1- 3 |  4- 6 || total
-------------------------+-------+-------++-------
Melee: War axe           |    82 |     9 ||    91
       Punch             |     4 |       ||     4
       Touch             |     8 |     2 ||    10
Throw: Throwing net      |     1 |     2 ||     3
       Javelin           |       |     1 ||     1
  Use: Potion            |       |     1 ||     1
 Stab: Sleeping          |     1 |       ||     1
Armor: Leather armour    |    38 |     1 ||    39
Dodge: Dodged            |    71 |     5 ||    76
